 Dungeon Sprint DCSS version 0.28-a0-97-g102d6777a4 (webtiles) character file.

Game seed: 18161949912868897653

6738 MikeHunt the Fetichist (level 10, -10/90 HPs)
             Began as a Green Draconian Artificer on Aug 9, 2021.
             Was an Initiate of Gozag.
             Shot with an arrow by a spriggan rider (30 damage)
             ... in the Dungeon (Sprint IV: "Fedhas' Mad Dash").
             The game lasted 00:18:31 (3954 turns).

MikeHunt the Fetichist (Green Draconian Artificer)  Turns: 3954, Time: 00:18:31

Health: -10/90     AC:  7    Str: 15    XL:     10   Next: 75%
Magic:  11/11      EV: 20    Int: 11    God:    Gozag
Gold:   1357       SH:  5    Dex: 15    Spells: 7/11 levels left

rFire   . . .      SeeInvis .     - Unarmed
rCold   . . .      Faith    .   (no shield)
rNeg    . . .      Spirit   .   (armour unavailable)
rPois   +          Reflect  +   (helmet restricted)
rElec   .          Harm     .   (no cloak)
rCorr   .          Rampage  .   (no gloves)
Will    .....      NoTele   +   (no boots)
Stlth   +++.......              f - amulet of reflection
HPRegen 0.25/turn               o - +4 ring of evasion
MPRegen 0.12/turn               (no ring)

@: gold aura
A: breathe noxious fumes, AC +7, unfitting armour, poison resistance,
cold-blooded
a: Breathe Noxious Fumes, Renounce Religion, Potion Petition, Call Merchant,
Bribe Branch


You were in the Dungeon.
You worshipped Gozag.
Gozag was most pleased with you.
You visited 1 branch You collected 2307 gold pieces.
You spent 950 gold pieces at shops.

Inventory:

Armour
 q - a +0 buckler
Jewellery
 a - the amulet of invisibility {+Inv}
   (You found it in the Dungeon)

   [amulet of nothing]

   +Inv:      It lets you turn invisible.
 f - an amulet of reflection (around neck)
 o - a +4 ring of evasion (left hand)
 r - a ring of protection from cold
Wands
 b - a wand of flame (1) (quivered)
 c - a wand of charming (5)
 m - a wand of acid (8)
Scrolls
 i - a scroll of identify
 j - a scroll of blinking
Potions
 e - 3 potions of curing
 g - a potion of haste
 h - 2 potions of magic
 k - a potion of heal wounds
 l - 2 potions of berserk rage
 p - a potion of brilliance
Miscellaneous
 d - a piece from Xom's chessboard (15/15)
 n - a condenser vane (inert)


   Skills:
 - Level 8.4 Fighting
 - Level 8.7 Dodging
 - Level 7.0 Stealth
 - Level 14.9 Unarmed Combat
 + Level 1.0 Spellcasting
 * Level 1.7 Conjurations
 * Level 1.7 Translocations
 - Level 15.3 Evocations


You had 7 spell levels left.
You knew the following spells:

 Your Spells              Type           Power      Damage    Failure   Level
d - Iskenderun's Mystic   Conj/Tloc      4%         2d3       83%         4

Your spell library contained the following spells:

 Spells                   Type           Power      Damage    Failure   Level
 Corpse Rot               Necr/Air       N/A        N/A       43%         2
 Fulminant Prism          Conj/Hex       1%         3d6       92%         4
 Dispel Undead            Necr           0%         3d6       97%         4
 Lee's Rapid Deconstruct  Erth           0%         3d5*      100%        5
 Death Channel            Necr           0%         N/A       100%        6


Dungeon Overview and Level Annotations

Branches:
Dungeon (1/1)

Altars:
Cheibriados
Dithmenos
Elyvilon
Gozag
Hepliaklqana
Kikubaaqudgha
Makhleb
Nemelex Xobeh
Okawaru
Qazlal
Ru
Sif Muna
Trog
Uskayaw
Vehumet
Wu Jian
Xom
Yredelemnul
Zin
The Shining One
Beogh
Jiyva
Lugonu

Shops:
D *=:[(!

Annotations:
D exclusion: spriggan defender


Innate Abilities, Weirdness & Mutations

You can breathe blasts of noxious fumes.
Your lurid green scales are hard. (AC +7)
You cannot fit into any form of body armour.
Your system is resistant to poisons. (rPois)
You are cold-blooded and may be slowed by cold attacks.


Message History

Your Translocations skill increases to level 1!
You now have 1357 gold pieces (gained 198).
There is an open door, spattered with blood here.
A spriggan rider is nearby!
There is an open door, spattered with blood here.
You open the door. 2 spriggans and a spriggan rider come into view.
The spriggan rider shouts!
The spriggan rider moves out of view.
Which direction?
You close the door.
The spriggan shouts!
You close the door.
You start resting.
A spriggan rider opens the door.
It is wielding a +0 spear.
Aiming: Charm
Press: ? - help, Shift-Dir - straight line, f - spriggan
Aim: a spriggan, wielding a +0 dagger, wearing a +0 robe and wearing a +0 buckler (chance to affect: 47%)
The spriggan resists with some effort.
The spriggan shouts!
The spriggan rider shouts!
The spriggan rider wields the +8 storm bow {elec, penet}.
You hear the crackle of electricity.
The spriggan rider shoots an arrow.
The arrow barely misses you.
The spriggan rider completely misses you.
Blink to where?
Press: ? - help, Dir - move target, f - you, p - spriggan
Okay, then.
Unknown command.
Clouds of poison gas condense around you!
The condenser dries out!
The spriggan is engulfed in poison gas.
The spriggan is poisoned.
The spriggan completely misses you.
The spriggan rider is poisoned.
The spriggan rider hits you from afar with a +0 spear!
* * * LOW HITPOINT WARNING * * *
The spriggan is engulfed in poison gas.
The spriggan is poisoned.
The spriggan rider is engulfed in poison gas.
The spriggan rider is poisoned.
The spriggan rider shoots an arrow.
The arrow pierces through you!!
You die...
Your body crumbles into a pile of gold.

####################
_.⌠.#.)'...#....##∩#
._..'..#...#....'.)#
_...#..###'##...##∩#$$
._..#..##∩∩.'...#### .
_.⌠.############# ##...
#########......###i§...♣
###.'.)'.....§§§@ii§.♣
##..#.)#.P...§i#######
###.##+##.P..§.#
'...#♣)♣########
#####.....####
###..♣..♣....###
#...♣......♣...♣#
.....♣.....∩.∩..i
#################


You could see 2 spriggan riders and 2 spriggans.

Vanquished Creatures
  Agnes (D)
  A spriggan berserker (D)
  A spriggan druid (D)
  6 oklob plants (D)
  A demonic crawler (D)
  A queen bee (D)
  3 burning bushes (D)
  3 wandering mushrooms (D)
  2 scorpions (D)
  2 spriggans (D)
  4 oklob saplings (D)
  A river rat (D)
  A rat (D)
  A ballistomycete spore (D)
28 creatures vanquished.

Vanquished Creatures (collateral kills)
  3 killer bees (D)
  An oklob sapling (D)
  A spriggan (D)
5 creatures vanquished.

Vanquished Creatures (others)
  A scorpion (D)
  A killer bee (D)
  A ballistomycete spore (D)
  A bush (D)
  A fungus (D)
5 creatures vanquished.

Grand Total: 38 creatures vanquished

Notes
Turn   | Place    | Note
-------+----------+-------------------------------------------
     0 | D        | MikeHunt the Draconian Artificer began the quest for the
                  | Orb.
     0 | D        | Reached XP level 1. HP: 16/16 MP: 1/1
     8 | D        | Reached XP level 2. HP: 23/23 MP: 2/2
    18 | D        | Noticed an oklob sapling
    18 | D        | Noticed a scorpion
    21 | D        | Killed an oklob sapling
    22 | D        | Reached skill level 4 in Evocations
    22 | D        | Reached XP level 3. HP: 15/28 MP: 3/3
    26 | D        | Killed a scorpion
    27 | D        | Reached skill level 5 in Dodging
    27 | D        | Reached skill level 5 in Evocations
    27 | D        | Reached XP level 4. HP: 20/35 MP: 4/4
   218 | D        | Found the amulet of invisibility {+Inv}
   242 | D        | Found an opulent altar of Gozag.
   242 | D        | Found a hazy altar of Hepliaklqana.
   242 | D        | Found a burning altar of Makhleb.
   242 | D        | Found a sparkling altar of Nemelex Xobeh.
   242 | D        | Found a snail-covered altar of Cheibriados.
   242 | D        | Found a sacrificial altar of Ru.
   242 | D        | Found a shimmering blue altar of Sif Muna.
   242 | D        | Found a shimmering altar of Xom.
   242 | D        | Found a basalt altar of Yredelemnul.
   243 | D        | Found a viscous altar of Jiyva.
   243 | D        | Found a bloodstained altar of Trog.
   243 | D        | Found an ornate altar of the Wu Jian Council.
   244 | D        | Found an iron altar of Okawaru.
   244 | D        | Found a shadowy altar of Dithmenos.
   244 | D        | Found a glowing silver altar of Zin.
   245 | D        | Found an ancient bone altar of Kikubaaqudgha.
   245 | D        | Found a hide-covered altar of Uskayaw.
   246 | D        | Found a stormy altar of Qazlal.
   246 | D        | Found a white marble altar of Elyvilon.
   246 | D        | Found a glowing golden altar of the Shining One.
   247 | D        | Became a worshipper of Gozag Ym Sagoz the Greedy
   259 | D        | Reached skill level 5 in Unarmed Combat
   259 | D        | Reached skill level 6 in Evocations
   259 | D        | Reached XP level 5. HP: 40/40 MP: 3/5
   259 | D        | Found a radiant altar of Vehumet.
   259 | D        | Found a corrupted altar of Lugonu.
   796 | D        | Found Qinyu's Jewellery Shop.
   796 | D        | Found Lugoitia's General Store.
   803 | D        | Bought a scroll of identify for 26 gold pieces
   836 | D        | Noticed a queen bee
   844 | D        | Reached XP level 6. HP: 52/52 MP: 4/6
   848 | D        | Reached skill level 7 in Evocations
   849 | D        | Reached skill level 5 in Fighting
   948 | D        | Bought an amulet of reflection for 420 gold pieces
   959 | D        | Noticed a burning bush
   959 | D        | Noticed a wandering mushroom
   984 | D        | Killed a wandering mushroom
   985 | D        | Reached skill level 8 in Evocations
   991 | D        | Noticed a wandering mushroom
  1015 | D        | Killed a wandering mushroom
  1016 | D        | Reached skill level 10 in Unarmed Combat
  1016 | D        | Your scales start taking on a lurid green colour.
  1016 | D        | Reached XP level 7. HP: 29/66 MP: 7/7
  1016 | D        | Gained mutation: Your system is resistant to poisons.
                  | (rPois) [Green Draconian growth]
  1221 | D        | Killed a queen bee
  1222 | D        | Reached skill level 9 in Evocations
  1279 | D        | Killed a burning bush
  1280 | D        | Reached XP level 8. HP: 75/75 MP: 8/8
  1295 | D        | Found Efudef's Antique Weapon Shoppe.
  1296 | D        | Found Cyra's Distillery.
  1346 | D        | Noticed an oklob plant
  1996 | D        | Killed an oklob plant
  2094 | D        | Noticed a burning bush
  2103 | D        | Killed a burning bush
  2150 | D        | Bought a +4 ring of evasion for 504 gold pieces
  2197 | D        | Noticed a burning bush
  2197 | D        | Noticed an oklob plant
  2206 | D        | Noticed a wandering mushroom
  2216 | D        | Killed a burning bush
  2217 | D        | Reached skill level 10 in Evocations
  2220 | D        | Reached XP level 9. HP: 73/82 MP: 7/9
  2353 | D        | Killed a wandering mushroom
  2354 | D        | Reached skill level 11 in Evocations
  2369 | D        | Killed an oklob plant
  2370 | D        | Reached skill level 12 in Evocations
  2385 | D        | Identified the +5 spear "Dulep" {elec, Int+4 Dex+3}
  2556 | D        | Noticed a spriggan druid
  2568 | D        | Killed a spriggan druid
  2650 | D        | Noticed an oklob plant conjurer
  2664 | D        | Killed an oklob plant conjurer
  2665 | D        | Reached skill level 13 in Evocations
  2826 | D        | Noticed Agnes
  2835 | D        | Killed Agnes
  2836 | D        | Reached skill level 14 in Evocations
  2836 | D        | Reached XP level 10. HP: 44/90 MP: 10/10
  3091 | D        | Found Hatt's Book Emporium.
  3091 | D        | Noticed a spriggan berserker
  3103 | D        | Noticed a death yak
  3107 | D        | Killed a spriggan berserker
  3229 | D        | Noticed an oklob plant
  3229 | D        | Noticed an oklob plant summoner
  3236 | D        | Found Oleduot's Armour Shoppe.
  3238 | D        | Noticed a spriggan defender
  3247 | D        | Noticed a spriggan rider
  3772 | D        | Noticed an oklob plant shifter
  3780 | D        | Killed an oklob plant
  3781 | D        | Reached skill level 15 in Evocations
  3782 | D        | Killed an oklob plant summoner
  3788 | D        | Killed an oklob plant shifter
  3815 | D        | Learned a level 4 spell: Iskenderun's Mystic Blast
  3943 | D        | Reached skill level 1 in Spellcasting
  3943 | D        | Reached skill level 1 in Conjurations
  3943 | D        | Reached skill level 1 in Translocations
  3949 | D        | Noticed a spriggan rider
  3954 | D        | Shot with an arrow by a spriggan rider

Illustrated notes

Levels and vault maps discovered:
D:        dungeon_sprint_fedhas [sprint_temple]

Skill      XL: |  1  2  3  4  5  6  7  8  9 10 |
---------------+-------------------------------+-----
Dodging        | 3 5 6 8 |  8.7
Unarmed Combat | 2 3 4 5 8 10 13 14 | 14.9
Evocations     | 4 5 6 8 9 10 14 15 | 15.3
Fighting       | 3 7 8 |  8.4
Stealth        | 3 7 |  7.0
Spellcasting   | 1 |  1.0
Conjurations   | 1 |  1.7
Translocations | 1 |  1.7

Action                   |  1- 3 |  4- 6 |  7- 9 | 10-12 || total
-------------------------+-------+-------+-------+-------++-------
Melee: Unarmed           |    10 |    36 |   113 |    38 ||   197
       Tailslap          |     1 |     8 |    25 |     5 ||    39
       Punch             |     1 |     1 |    15 |     2 ||    19
 Abil: Evoke Invisibilit |       |     5 |     8 |     1 ||    14
       Breathe Noxious F |       |       |     3 |     3 ||     6
Evoke: Wand              |     3 |    16 |     7 |     1 ||    27
       Piece from Xom's  |       |     1 |       |       ||     1
       Condenser vane    |       |       |     2 |     2 ||     4
  Use: Potion            |     1 |     1 |       |       ||     2
       Scroll            |       |       |       |     1 ||     1
 Stab: Sleeping          |       |     2 |     5 |     3 ||    10
       Invisible         |       |     1 |    15 |     4 ||    20
       Confused          |       |       |     2 |     1 ||     3
Armor: Skin              |     2 |     1 |     1 |     3 ||     7
Dodge: Dodged            |     6 |    17 |    19 |    28 ||    70
Block: Other             |       |     2 |       |     4 ||     6

Table legend: (Time is in decaauts)
 A = Elapsed time spent in this place.
 B = Non-inter-level travel time spent in this place.
 C = Inter-level travel time spent in this place.
 D = Time resting spent in this place.
 E = Time spent auto-exploring this place.
 F = Levels seen in this place.
 G = Mean time per level.
                   A        B        C        D        E       F      G
               +--------+--------+--------+--------+--------+-----+--------+
         Total |   3919 |   3919 |      0 |   2659 |     46 |   1 | 3919.0 |
       Dungeon |   3919 |   3919 |      0 |   2659 |     46 |   1 | 3919.0 |
               +--------+--------+--------+--------+--------+-----+--------+

Top non-repeatable levels by time:
       D: 3919 daAuts
